Map: King of Braxis Station

Players

MrFercho

  • Race: Zerg Zerg
  • Spawn Location: 6:00

tigro

  • Race: Terran Terran
  • Spawn Location: 12:00

Nathson

  • Race: Protoss Protoss
  • League: Gold
  • Spawn Location: 11:00

iMGoSu

  • Race: Terran Terran
  • Spawn Location: 5:00

IA (Difícil)

  • Race: Protoss Protoss
  • Spawn Location: 9:00

OberstJager

  • Race: Protoss Protoss
  • Spawn Location: 1:00

BadWord

  • Race: Protoss Protoss
  • Spawn Location: 7:00

IA (Difícil)

  • Race: Zerg Zerg
  • Spawn Location: 3:00

VOD

Have the link to the VOD?

Description

Time

  • Played on: March 29, 2020, 8:38 p.m.
  • Length: 11:30
Show
View Real Time Build Order
Export as new Build Order

MrFercho Zerg 

Build Orders: Pool First 

Get SALT Encoding   

  12  0:06  Drone  
  13  0:08  Drone  
  14  0:27  Overlord  
  14  0:34  Overlord  
  14  0:46  Drone x2  
  16  0:57  Drone  
  17  1:05  Extractor  
  16  1:16  Spawning Pool, Drone x2  
  17  1:20  Extractor  
  16  1:28  Drone  
  17  1:51  Drone  
  17  1:52  Drone  
  19  2:03  Drone  
  20  2:14  Queen  
  22  2:15  Zergling x2  
  22  2:16  Hatchery  
  22  2:42  Metabolic Boost  
  22  2:50  Overlord  
  23  2:51  Drone  
  23  2:52  Zergling x2  
  23  3:36  Drone x4  
  23  3:38  Drone  
  28  3:46  Overlord x2  
  28  3:51  Lair  
  28  4:03  Burrow  
  28  4:16  Zergling x6  
  32  4:17  Zergling x6  
  34  4:49  Drone x4  
  34  4:50  Drone  
  39  5:03  Evolution Chamber  
  39  5:05  Evolution Chamber  
  37  5:09  Evolution Chamber  
  36  5:16  Baneling Nest  
  28  5:39  Zergling x10  
  28  5:40  Zergling x2  
  34  5:48  Zergling x6  
  34  5:49  Zergling x4  
  21  6:21  Zergling x6  
  3  6:52  Drone  
  3  6:53  Drone  
  5  7:04  Hatchery  
  5  7:15  Drone  
  5  7:16  Drone x2  
  7  7:45  Drone x2  
  7  7:48  Queen  
  11  8:13  Drone x2  
  11  8:14  Drone  
  14  8:24  Queen  
  16  8:42  Drone x4  
  16  8:43  Drone  
  20  9:22  Zergling x14  
  20  9:23  Zergling x4  
  13  9:50  Drone x4  
  13  9:51  Drone  
  5  10:30  Drone x2  
Show
View Real Time Build Order
Export as new Build Order

tigro Terran 

Build Orders:  

Get SALT Encoding   

  12  0:08  SCV  
  13  0:20  SCV  
  14  0:23  Supply Depot  
  14  0:31  Refinery  
  14  0:35  Refinery  
  14  0:37  SCV  
  15  0:49  SCV  
  16  1:08  Barracks  
  16  1:46  SCV  
  17  1:56  Supply Depot  
  17  1:57  Barracks  
  17  1:58  SCV  
  17  1:59  Marine  
  19  2:17  Marine  
  19  2:18  SCV  
  21  2:28  Engineering Bay  
  21  2:30  SCV  
  21  2:35  Marine  
  23  2:48  Barracks Tech Lab  
  23  2:49  Orbital Command  
  23  2:53  Marine  
  24  3:11  Marine  
  25  3:17  Missile Turret  
  25  3:28  Marauder, Marine  
  25  3:31  Combat Shield  
  28  3:49  Marauder  
  30  4:05  Missile Turret  
  30  4:37  Factory  
  30  4:39  Marine  
  31  4:46  Terran Infantry Weapons Level 1  
  31  4:50  Stimpack  
  31  5:03  Marine  
  31  5:05  Marauder, Supply Depot  
  26  5:20  Marine  
  25  5:26  Marauder  
  14  5:38  Marine  
  13  5:47  Marauder, SCV  
  16  5:56  Marine  
  17  6:15  SCV  
  18  6:29  Concussive Shells  
  13  6:41  Terran Infantry Armor Level 1  
  13  6:55  Barracks Tech Lab  
  13  6:57  Marine  
  13  6:58  Missile Turret  
  14  7:03  SCV  
  15  7:21  Refinery  
  9  7:45  Missile Turret  
  7  8:02  Factory Tech Lab  
  7  8:10  SCV  
  7  8:21  Marauder  
  7  8:23  SCV  
Show
View Real Time Build Order
Export as new Build Order

Nathson Protoss 

Build Orders: Oracle Opening 

Get SALT Encoding   

  12  0:02  Probe  
  13  0:16  Probe  
  14  0:27  Pylon  
  14  0:29  Probe  
  14  0:34  Assimilator  
  15  0:45  Probe  
  16  0:52  Forge  
  16  0:59  Gateway  
  16  1:09  Probe (Chrono Boost)  
  18  1:18  Probe (Chrono Boost)  
  18  1:23  Probe (Chrono Boost)  
  19  1:35  Pylon, Probe  
  20  1:40  Photon Cannon  
  20  1:47  Cybernetics Core  
  20  1:50  Probe  
  21  1:55  Assimilator  
  21  1:58  Zealot  
  23  2:03  Probe  
  24  2:18  Photon Cannon  
  24  2:23  Photon Cannon  
  24  2:31  Stargate  
  24  2:41  Probe  
  25  2:49  Pylon  
  25  2:53  Pylon, Probe  
  25  2:56  Pylon  
  26  3:06  Warp Gate  
  26  3:17  Photon Cannon  
  26  3:22  Photon Cannon  
  26  3:28  Shield Battery  
  26  3:30  Probe  
  27  3:34  Oracle (Chrono Boost)  
  30  3:48  Photon Cannon  
  30  3:56  Photon Cannon  
  30  4:04  Shield Battery  
  30  4:11  Oracle  
  33  4:23  Photon Cannon  
  33  4:30  Shield Battery  
  33  4:47  Pylon  
  33  4:50  Oracle  
  36  5:04  Stalker  
  38  5:59  Void Ray  
  42  6:13  Stargate x2  
  42  6:46  Protoss Air Weapons Level 1  
  42  6:55  Fleet Beacon  
  42  6:58  Photon Cannon  
  42  7:00  Void Ray  
  46  7:02  Photon Cannon  
  37  8:07  Mothership  
  45  8:15  Zealot  
  47  8:46  Photon Cannon  
  47  8:57  Pylon  
  47  9:00  Pylon  
  47  9:07  Protoss Air Weapons Level 2  
  47  9:37  Zealot  
  47  9:41  Void Ray  
  47  9:42  Void Ray  
  55  9:56  Gateway  
  55  9:57  Gateway  
  55  9:58  Gateway  
  55  10:00  Gateway  
  55  10:05  Gateway  
  55  10:07  Gateway  
  55  10:11  Void Ray  
  57  10:37  Pylon  
  56  11:01  Zealot x4  
  56  11:02  Zealot x3  
Show
View Real Time Build Order
Export as new Build Order

iMGoSu Terran 

Build Orders: 2 Factory 

Get SALT Encoding   

  12  0:01  SCV  
  13  0:13  SCV  
  14  0:25  SCV  
  15  0:32  Supply Depot  
  15  0:53  SCV  
  15  0:55  Barracks  
  16  0:59  Refinery  
  16  1:05  SCV  
  17  1:22  SCV  
  18  1:34  SCV  
  18  1:35  Refinery  
  19  1:42  Marine  
  19  1:46  SCV  
  21  1:49  Bunker  
  21  1:58  Orbital Command  
  21  2:00  Marine  
  22  2:18  Marine  
  22  2:19  Supply Depot  
  23  2:27  Factory  
  23  2:41  SCV  
  23  2:43  Factory  
  24  2:48  Barracks Reactor  
  24  2:53  SCV  
  25  3:05  SCV  
  26  3:11  Factory Tech Lab  
  26  3:13  Starport  
  26  3:17  SCV  
  27  3:29  SCV  
  27  3:31  Siege Tank  
  31  3:37  Supply Depot  
  31  3:48  Supply Depot  
  31  3:50  Starport Tech Lab  
  31  3:56  Fusion Core  
  31  3:59  Hellion x2  
  35  4:14  SCV  
  36  4:21  Hellion x2  
  40  4:26  SCV  
  40  4:28  Command Center  
  41  4:43  Armory  
  41  4:44  SCV  
  42  4:50  Hellion  
  42  4:52  Hellion  
  46  4:55  Supply Depot  
  46  5:17  Hellion x2  
  50  5:33  Supply Depot  
  50  5:36  SCV  
  50  5:38  Hellion, Battlecruiser  
  59  5:49  Engineering Bay  
  59  5:55  Siege Tank  
  59  5:56  Supply Depot  
  62  6:02  SCV  
  63  6:14  Hellion  
  63  6:15  Hellion  
  67  6:19  Missile Turret, Planetary Fortress  
  67  6:21  Missile Turret  
  67  6:30  Missile Turret  
  67  6:34  Missile Turret  
  67  6:40  Weapon Refit  
  67  6:51  Missile Turret  
  67  7:02  SCV  
  67  7:03  SCV  
  67  7:04  Missile Turret  
  69  7:12  Starport  
  69  7:14  SCV  
  69  7:15  SCV  
  71  7:22  Starport  
  71  7:26  SCV  
  71  7:27  Terran Ship Weapons Level 1  
  72  7:38  SCV x2  
  72  7:42  Unknown  
  74  7:45  Unknown  
  74  7:50  Starport Tech Lab, SCV, Unknown  
  75  7:59  Starport Tech Lab  
  75  8:01  Supply Depot  
  75  8:02  SCV  
  76  8:11  SCV  
  77  8:14  SCV  
  77  8:16  Hellion x2  
  82  8:26  SCV  
  89  8:33  Armory  
  89  8:38  SCV  
  89  8:39  Missile Turret  
  90  8:42  Missile Turret  
  90  8:43  Siege Tank  
  90  8:45  Battlecruiser  
  93  8:50  SCV  
  94  9:01  Battlecruiser  
  100  9:03  SCV  
  101  9:12  Supply Depot  
  101  9:13  Supply Depot  
  101  9:30  Terran Vehicle And Ship Armor Level 1  
  101  9:34  Thor, Hellion  
  101  9:35  Hellion  
  101  9:36  Supply Depot, SCV  
  112  9:43  Supply Depot x2  
  112  9:47  Supply Depot  
  112  9:58  Battlecruiser  
  118  10:05  SCV  
  119  10:10  Missile Turret  
  119  10:12  Missile Turret  
  119  10:16  Missile Turret  
  119  10:18  SCV  
  120  10:22  Missile Turret x2  
  120  10:30  SCV  
  127  10:42  SCV  
  128  10:54  SCV  
  135  11:10  Unknown  
  135  11:11  Missile Turret  
Show
View Real Time Build Order
Export as new Build Order

IA (Difícil) Protoss 

Build Orders:  

Get SALT Encoding   

  12  0:01  Probe  
  13  0:13  Probe  
  14  0:21  Pylon  
  14  0:25  Probe  
  15  0:35  Probe  
  16  0:43  Probe  
  16  0:46  Assimilator  
  16  0:49  Gateway  
  17  0:53  Probe  
  18  0:58  Pylon  
  18  1:01  Probe  
  19  1:16  Probe  
  20  1:36  Zealot  
  20  1:39  Gateway  
  22  1:40  Cybernetics Core  
  22  1:41  Assimilator  
  22  1:56  Zealot  
  22  2:00  Pylon  
  24  2:16  Warp Gate  
  24  2:20  Stalker  
  24  2:28  Stalker  
  28  2:42  Pylon  
  28  2:47  Stalker  
  28  2:50  Probe  
  31  2:58  Adept  
  33  3:02  Probe  
  34  3:10  Stalker, Forge  
  34  3:14  Probe  
  37  3:26  Probe  
  38  3:28  Stalker  
  38  3:33  Pylon  
  40  3:38  Probe  
  41  3:50  Probe  
  42  4:48  Protoss Ground Weapons Level 1  
  42  4:54  Probe  
  42  4:58  Sentry  
  44  5:02  Gateway, Probe  
  44  5:04  Robotics Facility  
  44  5:07  Pylon  
  45  5:08  Stalker, Photon Cannon  
  47  5:14  Photon Cannon  
  47  5:21  Stalker  
  47  5:25  Probe  
  50  5:31  Sentry  
  50  5:34  Twilight Council  
  52  5:38  Forge  
  52  5:44  Adept  
  48  5:52  Observer  
  48  5:54  Zealot  
  47  6:00  Protoss Ground Armor Level 1  
  47  6:03  Blink  
  45  6:04  Zealot  
  47  6:14  Stalker, Observer  
  50  6:24  Stalker  
  52  6:34  Stalker  
  54  6:44  Adept  
  56  6:52  Stargate  
  56  7:00  Probe  
  56  8:57  Warp Prism  
  56  9:07  Void Ray  
  62  9:11  Gateway  
  62  9:15  Robotics Facility  
  62  9:20  Stargate  
  62  9:24  Pylon  
  62  9:30  Stalker x2  
  62  9:37  Warp Prism  
  62  9:42  Zealot  
  66  9:48  Pylon  
  66  9:57  Zealot  
  62  10:01  Warp Prism  
  56  10:07  Zealot  
  56  10:13  Observer  
  57  10:14  Pylon  
  57  10:17  Void Ray  
  61  10:27  Sentry  
  63  10:32  Robotics Bay  
  63  10:37  Sentry  
  65  10:47  Immortal  
Show
View Real Time Build Order
Export as new Build Order

OberstJager Protoss 

Build Orders:  

Get SALT Encoding   

  12  0:00  Probe  
  13  0:13  Probe  
  14  0:18  Pylon  
  14  0:25  Probe  
  15  0:34  Assimilator  
  15  0:39  Gateway  
  15  0:43  Probe  
  16  0:55  Probe  
  17  1:07  Probe  
  18  1:19  Assimilator  
  18  1:23  Forge  
  18  1:27  Cybernetics Core  
  18  1:31  Probe  
  18  1:32  Pylon  
  19  1:42  Pylon  
  19  1:45  Probe  
  20  1:56  Protoss Ground Weapons Level 1  
  20  1:57  Probe  
  21  2:05  Robotics Facility  
  21  2:10  Probe  
  22  2:17  Warp Gate  
  23  2:22  Probe  
  23  2:27  Stalker  
  25  2:34  Probe  
  25  2:35  Pylon  
  26  2:42  Gateway  
  26  2:59  Immortal (Chrono Boost)  
  30  3:10  Twilight Council  
  30  3:13  Probe  
  31  3:25  Probe  
  32  3:31  Immortal (Chrono Boost)  
  36  3:41  Pylon  
  36  3:52  Photon Cannon  
  36  3:54  Shield Battery  
  36  4:06  Warp Prism (Chrono Boost)  
  38  4:16  Shield Battery  
  38  4:18  Probe  
  39  4:28  Photon Cannon  
  39  4:32  Observer  
  39  4:35  Probe  
  41  4:43  Photon Cannon  
  41  4:50  Protoss Ground Weapons Level 2 (Chrono Boost)  
  41  4:52  Probe  
  42  5:48  Stalker x2  
  45  6:09  Pylon  
  45  6:10  Gateway  
  45  6:11  Observer  
  45  6:12  Gateway x2  
  46  6:38  Shield Battery x2  
  46  6:41  Shield Battery  
  46  6:42  Warp Prism  
  46  6:43  Photon Cannon  
  46  6:44  Photon Cannon  
  46  6:45  Pylon  
  48  6:53  Probe  
  49  7:07  Protoss Shields Level 1 (Chrono Boost)  
  49  7:31  Immortal (Chrono Boost)  
  53  7:42  Shield Battery  
  53  7:44  Shield Battery  
  53  7:45  Stalker x2, Shield Battery  
  53  7:47  Stalker  
  59  7:54  Probe  
  60  8:03  Immortal (Chrono Boost)  
  60  8:04  Pylon  
  64  8:06  Probe  
  65  8:18  Probe  
  66  8:41  Stalker x2  
  70  9:28  Templar Archives  
  70  9:40  Robotics Bay  
  70  9:41  Nexus  
  70  9:42  Assimilator  
  70  9:46  Pylon  
  70  9:49  Pylon  
  70  9:51  Pylon  
  70  10:15  Photon Cannon x2  
  70  10:17  Photon Cannon  
  70  10:18  Photon Cannon  
  70  10:20  Photon Cannon  
  70  10:23  Photon Cannon, Shield Battery  
  70  10:24  Shield Battery  
  70  10:25  Probe  
  71  10:37  Probe  
  72  10:48  Pylon  
  72  11:03  Probe  
  79  11:13  Probe  
  79  11:15  Probe  
Show
View Real Time Build Order
Export as new Build Order

BadWord Protoss 

Build Orders:  

Get SALT Encoding   

  12  0:18  Pylon  
  12  0:29  Pylon  
  12  0:46  Assimilator  
  12  0:51  Gateway  
  12  0:58  Forge  
  12  1:09  Pylon  
  12  1:14  Probe  
  13  1:26  Probe  
  14  1:41  Pylon  
  14  1:50  Probe  
  15  1:58  Zealot  
  17  2:02  Probe  
  18  2:14  Probe  
  19  2:15  Photon Cannon  
  19  2:33  Photon Cannon  
  19  2:35  Probe (Chrono Boost)  
  20  2:46  Probe (Chrono Boost)  
  21  2:56  Photon Cannon  
  21  3:10  Cybernetics Core, Zealot  
  23  3:16  Probe  
  24  3:25  Assimilator  
  24  3:28  Probe  
  25  3:35  Pylon  
  25  3:42  Pylon  
  25  4:17  Stargate  
  25  4:20  Robotics Facility  
  25  4:27  Pylon  
  25  4:31  Pylon  
  25  4:34  Pylon  
  25  4:39  Twilight Council  
  25  4:45  Pylon, Probe  
  26  4:57  Probe  
  27  5:00  Adept  
  29  5:18  Robotics Bay  
  29  5:30  Sentry  
  25  6:18  Void Ray  
  27  6:20  Zealot  
  29  6:44  Pylon  
  29  6:47  Zealot  
  31  7:07  Photon Cannon  
  31  7:09  Photon Cannon  
  31  7:12  Photon Cannon  
  31  7:14  Zealot  
  33  7:16  Photon Cannon  
  33  7:18  Photon Cannon  
  33  7:22  Photon Cannon  
  33  7:23  Photon Cannon  
  33  7:41  Zealot  
  41  8:09  Zealot  
  37  8:21  Observer  
  38  8:42  Colossus  
  44  8:58  Fleet Beacon  
  44  9:18  Sentry  
  50  9:44  Stalker  
  52  9:52  Tempest  
  51  10:14  Stalker  
  53  10:28  Photon Cannon  
  53  10:29  Photon Cannon  
  53  10:35  Tempest  
  58  10:37  Photon Cannon  
  64  10:44  Stalker  
Show
View Real Time Build Order
Export as new Build Order

IA (Difícil) Zerg 

Build Orders: 1 Base Baneling Bust, Pool First 

Get SALT Encoding   

  12  0:01  Drone  
  13  0:11  Overlord  
  13  0:16  Drone  
  14  0:29  Drone  
  14  0:31  Drone  
  16  0:40  Spawning Pool  
  16  0:42  Drone  
  16  0:45  Drone  
  16  0:49  Extractor  
  16  0:54  Drone  
  17  1:05  Overlord  
  17  1:29  Queen  
  17  1:30  Zergling x2  
  17  1:32  Roach Warren  
  19  1:37  Zergling x2, Drone  
  19  1:38  Extractor  
  20  1:48  Drone  
  21  1:58  Overlord  
  21  2:09  Drone  
  22  2:20  Roach  
  24  2:31  Drone  
  24  2:35  Overlord  
  24  2:36  Roach, Drone  
  28  2:43  Drone  
  29  2:50  Ravager  
  29  2:51  Baneling Nest  
  29  2:54  Roach  
  31  3:01  Ravager, Evolution Chamber  
  31  3:04  Drone  
  32  3:07  Roach  
  32  3:09  Drone  
  35  3:14  Drone  
  35  3:16  Roach  
  38  3:26  Overlord  
  38  3:37  Drone  
  38  3:39  Drone  
  38  3:40  Roach  
  38  3:41  Drone  
  43  3:49  Drone  
  44  4:48  Zerg Melee Weapons Level 1, Lair, Overlord, Drone  
  44  4:49  Evolution Chamber  
  44  4:50  Drone  
  44  4:51  Drone  
  46  5:07  Roach  
  48  5:15  Roach, Zerg Missile Weapons Level 1  
  48  5:16  Overlord  
  50  5:23  Roach  
  52  5:31  Roach  
  52  5:33  Spore Crawler  
  52  5:34  Drone  
  54  5:40  Spore Crawler  
  54  5:41  Drone  
  54  5:46  Burrow  
  54  5:48  Overseer  
  54  5:52  Overlord, Hydralisk Den  
  54  5:55  Drone  
  54  5:58  Overseer  
  50  6:06  Spine Crawler  
  50  6:07  Drone  
  50  6:14  Spine Crawler  
  50  6:15  Drone  
  50  6:18  Zergling x2  
  48  6:25  Hydralisk  
  48  6:27  Infestation Pit  
  48  6:28  Drone  
  47  6:34  Roach  
  49  6:41  Hydralisk  
  49  6:43  Zerg Ground Armor Level 1  
  49  6:50  Roach  
  47  6:56  Queen  
  47  6:58  Roach  
  51  7:05  Roach  
  53  7:13  Hydralisk  
  53  7:14  Spire  
  53  7:15  Drone  
  55  7:20  Hydralisk  
  57  8:35  Pneumatized Carapace  
  57  8:36  Overseer  
  57  8:43  Hydralisk  
  59  8:53  Hydralisk  
  59  8:55  Hatchery  
  60  8:56  Drone  
  61  9:41  Zergling x2  
  61  10:18  Hydralisk  
Tags
 
Add a new tag
Caveats
  • Supply blocks, unpowered buildings, or Contaminate may cause inaccurate times.
  • Supply counts are checked every 10 seconds.